Map: Ley Lines

Players

Moja - Winner!

  • Race: Terran Terran
  • League: Grandmaster
  • Spawn Location: 1:00

GuGus

  • Race: Zerg Zerg
  • League: Grandmaster
  • Spawn Location: 7:00

VOD

Have the link to the VOD?

Description

Cut SCVs at 60
Go at 140 (7:30 min) supply: Tank, hellbats, rines and medis. 1-1, stim and combat should be completed. 2nd,3rd,4th and 5th racks should have reactors.

Time

  • Played on: Aug. 25, 2025, 6:17 p.m.
  • Length: 8:51
Show
View Real Time Build Order
Export as new Build Order

Moja Terran - Winner!

Build Orders: Reaper Expand, Hellion Banshee 

Get SALT Encoding   

  12  0:00  SCV  
  13  0:12  SCV  
  14  0:16  Supply Depot  
  14  0:24  SCV  
  15  0:38  SCV  
  15  0:40  Barracks  
  16  0:44  Refinery  
  16  0:50  SCV  
  17  1:02  SCV  
  18  1:14  SCV  
  19  1:26  Reaper  
  19  1:27  Orbital Command  
  20  1:37  Command Center  
  20  1:44  Supply Depot  
  20  1:52  SCV  
  21  1:58  Marine  
  22  2:04  SCV  
  23  2:08  Factory  
  23  2:16  SCV  
  23  2:22  Barracks Reactor  
  24  2:28  SCV  
  25  2:36  Command Center  
  25  2:40  SCV  
  26  2:51  Orbital Command  
  26  2:53  SCV  
  26  2:58  Starport  
  27  3:02  Refinery  
  27  3:05  SCV  
  28  3:11  Hellion  
  32  3:12  Hellion  
  32  3:17  SCV  
  32  3:18  SCV  
  34  3:20  Barracks Tech Lab  
  34  3:29  SCV  
  34  3:30  SCV  
  34  3:33  Hellion  
  34  3:34  Hellion  
  40  3:42  SCV x2  
  40  3:44  Banshee  
  40  3:48  Orbital Command  
  45  3:54  SCV x2  
  47  3:56  Hellion  
  49  4:03  Barracks Tech Lab  
  49  4:05  Supply Depot  
  49  4:06  SCV x2  
  49  4:07  Hellion  
  53  4:15  SCV  
  54  4:18  SCV  
  54  4:19  SCV  
  54  4:20  Hellion  
  54  4:24  Stimpack  
  58  4:26  Supply Depot  
  58  4:27  SCV  
  58  4:28  Banshee  
  58  4:29  Hellion  
  58  4:30  SCV  
  65  4:36  SCV  
  66  4:39  SCV  
  66  4:42  Supply Depot  
  66  4:44  SCV  
  68  4:48  SCV  
  69  4:54  SCV  
  69  4:56  Barracks x2  
  69  4:57  Factory Reactor  
  69  4:59  SCV  
  71  5:00  SCV  
  71  5:02  Refinery x2  
  71  5:04  Supply Depot  
  73  5:09  Engineering Bay x2  
  73  5:10  Orbital Command  
  72  5:15  SCV  
  72  5:16  SCV  
  72  5:21  Starport Reactor  
  74  5:23  Barracks x2  
  74  5:28  SCV x2  
  76  5:32  Marine  
  77  5:36  Terran Infantry Armor Level 1, Terran Infantry Weapons Level 1  
  77  5:37  SCV  
  77  5:40  SCV x2  
  77  5:42  Supply Depot  
  80  5:47  Marine x2  
  80  5:49  SCV  
  83  5:51  Marine  
  83  5:52  Siege Tank, SCV  
  83  5:53  SCV  
  83  5:54  Marine x2  
  91  5:59  Supply Depot  
  91  6:00  Supply Depot  
  91  6:01  Medivac  
  91  6:03  Medivac, SCV  
  96  6:05  Marine, Supply Depot  
  96  6:07  Marine  
  96  6:10  Barracks Reactor  
  96  6:11  Barracks Reactor  
  98  6:13  SCV  
  98  6:16  Barracks  
  98  6:17  Marine  
  98  6:18  Marine, Barracks  
  101  6:20  Marine, Barracks  
  101  6:25  Marine x2  
  103  6:27  Combat Shield, Siege Tank  
  103  6:28  Supply Depot  
  103  6:31  Armory  
  107  6:35  Marine x2  
  109  6:42  Marine  
  109  6:43  Marine  
  109  6:45  Medivac x2  
  115  6:49  Marine x2  
  115  6:50  Marine x2  
  115  6:51  Marine  
  120  6:55  Supply Depot  
  120  6:59  Marine x2  
  120  7:00  Marine, Siege Tank  
  120  7:01  Supply Depot  
  126  7:07  Marine x2, Supply Depot  
  128  7:09  Marine x3  
  128  7:10  Marine x2  
  128  7:13  Supply Depot  
  133  7:16  Marine x2  
  133  7:17  Marine x2  
  133  7:18  Marine  
  133  7:21  Supply Depot  
  138  7:25  Marine  
  138  7:28  Marine x2  
  138  7:29  Marine x4  
  145  7:36  Siege Tank  
  148  7:42  Marine  
  148  7:43  Marine x2  
  148  7:44  Marine x2  
  152  7:45  Marine  
  152  7:46  Marine x2  
  152  7:47  Supply Depot  
  150  7:52  Marine x2  
  150  7:56  Marine  
  153  8:00  Marine x2  
  153  8:01  Marine x3  
  153  8:03  Marine x2  
  153  8:04  Marine x2  
  160  8:09  Marine  
  160  8:10  Marine  
  160  8:11  SCV x2  
  160  8:12  Siege Tank  
  142  8:14  Marine  
  142  8:17  Marine  
  142  8:18  Marine  
  142  8:19  Marine x2  
  151  8:22  Command Center  
  134  8:27  Starport Reactor  
  134  8:28  Marine  
  134  8:29  Marine x5  
  134  8:31  Marine  
  134  8:32  Marine  
Show
View Real Time Build Order
Export as new Build Order

GuGus Zerg 

Build Orders: Hatch First 

Get SALT Encoding   

  12  0:00  Drone  
  13  0:08  Drone  
  14  0:16  Overlord  
  14  0:22  Drone, Extractor  
  15  0:35  Drone x2  
  17  0:50  Hatchery  
  17  0:55  Drone  
  17  0:57  Drone  
  18  1:09  Extractor  
  17  1:12  Spawning Pool  
  17  1:14  Drone  
  17  1:18  Drone  
  18  1:27  Drone  
  19  1:38  Drone  
  20  1:42  Hatchery  
  19  1:50  Drone  
  20  1:59  Drone  
  21  2:02  Queen  
  21  2:03  Zergling x2  
  24  2:09  Zergling x2  
  24  2:12  Overlord  
  25  2:21  Metabolic Boost  
  26  2:22  Zergling x2  
  26  2:28  Drone  
  27  2:35  Drone x2  
  28  2:39  Queen  
  30  2:45  Drone x2  
  32  2:52  Drone  
  32  2:54  Queen  
  32  2:56  Drone  
  36  2:59  Drone  
  36  3:04  Drone  
  38  3:06  Overlord  
  38  3:07  Drone  
  39  3:13  Drone  
  39  3:15  Drone  
  41  3:22  Overlord  
  41  3:24  Queen  
  41  3:25  Drone  
  44  3:28  Queen  
  44  3:31  Drone  
  47  3:35  Drone  
  47  3:36  Drone  
  47  3:39  Drone  
  47  3:41  Drone  
  51  3:46  Drone  
  51  3:48  Drone  
  53  3:50  Drone  
  53  3:51  Overlord  
  53  3:53  Zergling x4  
  55  3:58  Zergling x4  
  55  4:02  Overlord  
  57  4:08  Overlord  
  57  4:10  Drone x2  
  57  4:11  Drone x2  
  57  4:14  Queen  
  57  4:15  Overlord  
  63  4:19  Drone x2  
  63  4:21  Evolution Chamber  
  64  4:25  Queen  
  64  4:26  Queen  
  64  4:28  Drone  
  64  4:30  Drone x2  
  71  4:36  Overlord  
  71  4:38  Drone x2  
  71  4:39  Drone  
  71  4:40  Drone  
  71  4:41  Drone x2  
  71  4:44  Drone x2  
  71  4:45  Extractor  
  78  4:49  Drone, Extractor  
  78  4:50  Extractor  
  77  4:55  Zerg Ground Armor Level 1  
  77  4:56  Spore Crawler  
  77  4:58  Drone x3, Spore Crawler  
  78  5:00  Extractor  
  78  5:04  Drone  
  78  5:05  Zergling x2  
  79  5:10  Zergling x2  
  79  5:11  Zergling x4  
  79  5:13  Overlord  
  82  5:15  Drone  
  82  5:16  Drone x2  
  82  5:18  Hatchery  
  82  5:19  Drone x3  
  87  5:23  Lair  
  87  5:29  Zergling x2  
  87  5:30  Drone x2  
  87  5:35  Baneling Nest  
  89  5:36  Spore Crawler  
  89  5:38  Zergling x2  
  89  5:39  Overlord  
  89  5:47  Zergling x6  
  89  5:48  Hatchery  
  91  5:51  Drone  
  91  5:52  Evolution Chamber  
  91  5:55  Overlord  
  91  6:07  Drone  
  91  6:08  Drone x7  
  91  6:10  Drone x4  
  103  6:12  Overlord  
  103  6:21  Infestation Pit  
  103  6:22  Zerg Melee Weapons Level 1  
  103  6:23  Baneling x7  
  103  6:24  Centrifugal Hooks, Zergling x6  
  103  6:25  Zergling x6  
  108  6:26  Overlord  
  108  6:29  Zergling x2  
  108  6:32  Zergling x6  
  112  6:37  Overseer  
  108  6:40  Zergling x4  
  108  6:43  Drone x3  
  108  6:44  Drone  
  108  6:45  Drone x3  
  114  6:47  Drone  
  114  6:51  Drone  
  116  6:54  Zergling x8  
  116  6:57  Spore Crawler  
  116  6:58  Hive  
  119  7:02  Baneling x3  
  119  7:03  Baneling x3, Zergling x2  
  120  7:08  Baneling  
  120  7:09  Baneling  
  120  7:12  Zergling x12  
  120  7:13  Zergling x4  
  120  7:15  Overlord  
  128  7:17  Overlord  
  128  7:19  Overlord  
  128  7:23  Zergling x10  
  128  7:25  Overlord  
  133  7:35  Overlord  
  133  7:40  Zergling x12  
  133  7:41  Zergling x2  
  133  7:43  Zergling x4  
  133  7:44  Hatchery, Baneling x5  
  141  7:54  Zergling x20  
  141  7:57  Zergling x4  
  152  8:00  Zergling x2  
  152  8:05  Zergling x8  
  124  8:13  Zergling x2  
  124  8:14  Infestation Pit, Zergling x4  
  124  8:16  Ultralisk Cavern  
  124  8:17  Zergling x14  
  124  8:18  Baneling x2  
  124  8:19  Baneling x3  
  124  8:20  Zergling x4  
  124  8:22  Baneling  
  108  8:29  Zergling x4  
  108  8:30  Zergling x4  
  108  8:32  Zergling x2  
  109  8:34  Zergling x2  
Tags
 
Add a new tag
Caveats
  • Supply blocks, unpowered buildings, or Contaminate may cause inaccurate times.
  • Supply counts are checked every 10 seconds.